 Dungeon Crawl Stone Soup version 0.18.1-48-g4cf74bf (webtiles) character file.

2 djnw the Caller (level 1, -1/13 HPs)
             Began as a Mummy Summoner on Aug 22, 2016.
             Slain by a kobold
             ... wielding a +0 short sword
              (2 damage)
             ... on level 1 of the Dungeon.
             The game lasted 00:01:42 (293 turns).

djnw the Caller (Mummy Summoner)                     Turns: 293, Time: 00:01:42

Health: -1/13      AC:  2    Str: 11    XL:     1   Next: 33%
Magic:  0/3        EV: 12    Int: 14    God:
Gold:   12         SH:  0    Dex: 12    Spells: 1 memorised, 3 levels left

rFire  x . .     SeeInvis .     (no weapon)
rCold  + . .     Gourm    .     a - +0 robe
rNeg   + + +     Faith    .     (no shield)
rPois  ∞         Spirit   .     (no helmet)
rElec  .         Dismiss  .     (no cloak)
rCorr  .         Reflect  .     (no gloves)
SustAt .         Harm     .     (no boots)
MR     .....                    c - amulet of inaccuracy (curse)
Stlth  ++........               (no ring)
                                (no ring)

@: not resistant to hostile enchantments, unstealthy
A: no food or potions, fire vulnerability, cold resistance 1, negative energy
resistance 3, torment resistance, unbreathing
a: no special abilities


You were on level 1 of the Dungeon.
You were not hungry.

You visited 1 branch of the dungeon, and saw 1 of its levels.

You collected 12 gold pieces.

Inventory:

Armour
 a - a +0 robe (worn)
Jewellery
 c - a cursed amulet of inaccuracy (around neck)
Books
 b - a book of Callings

   Spells                             Type                      Level
   a - Summon Small Mammal            Summoning                    1
   b - Call Imp                       Summoning                    2
   c - Call Canine Familiar           Summoning                    3
   d - Summon Guardian Golem          Hexes/Summoning              3
   e - Summon Lightning Spire         Summoning/Air                4
   f - Summon Ice Beast               Ice/Summoning                4


   Skills:
 - Level 1.5 Dodging
 - Level 1.5 Stealth
 + Level 2.0 Spellcasting
 + Level 3.3 Summonings


You had 3 spell levels left.
You knew the following spells:

 Your Spells              Type           Power        Failure   Level  Hunger
a - Summon Small Mammal   Summ           ##..         10%         1    N/A

Dungeon Overview and Level Annotations

Branches:
Dungeon (1/15)

Altars:


Innate Abilities, Weirdness & Mutations

You do not eat or drink.
Your flesh is vulnerable to fire.
You are immune to poison.
Your flesh is cold resistant.
You are immune to negative energy.
You are immune to unholy pain and torment.
You can survive without breathing.


Message History

Your bat closely misses the kobold. x2
Your bat hits the kobold but does no damage.
Your bat hits the kobold.
The kobold hits your bat with a short sword.
Your bat dies!
Your bat's corpse disappears in a puff of smoke!
The kobold shouts!
Your magical contamination has completely faded away.
Casting: Summon Small Mammal
Confirm with . or Enter, or press ? or * to list all spells.
The kobold hits you with a short sword.
* * * LOW HITPOINT WARNING * * *
Your bat barely misses the kobold.
Your bat closely misses the kobold.
Your bat hits the kobold but does no damage.
Your bat closely misses the kobold.
Your bat hits the kobold but does no damage.
You closely miss the kobold.
The kobold is severely wounded.
Your bat barely misses the kobold.
The kobold hits you with a short sword.
You die...

###########.###.#..............#
#....(......# #...############.#
#.#########.# ##### #.#
##.####### #.# ##.#
#........###.########## ##...
#..#####..............# #####....
#..# #####.##.......###..>.....
#..# #.##...........###.... #..#
###.##.@......#..####...
#..#######.....sK................
#.........(..##.b..........####..
#.########.#..........#.#.#####..
#.....# #.####.......#..........
#####.# #..†.##.#.##.#.#######..
#.# ####(##.#.##.#.# #.. #.#
#.##.#.##.#.#######.. #.#
#.##.#.#.............


You could see a giant cockroach, a kobold and a friendly bat.

Vanquished Creatures
  A kobold (D:1)
  2 rats (D:1)
3 creatures vanquished.

Vanquished Creatures (collateral kills)
  A kobold (D:1)
1 creature vanquished.

Grand Total: 4 creatures vanquished

Notes
Turn   | Place    | Note
--------------------------------------------------------------
     0 | D:1      | djnw the Mummy Summoner began the quest for the Orb.
     0 | D:1      | Reached XP level 1. HP: 13/13 MP: 3/3
   293 | D:1      | Slain by a kobold

Action                   || total
-------------------------++-------
Melee: Unarmed           ||    26
 Cast: Summon Small Mamm ||    11
Armor: Robe              ||     7
Dodge: Dodged            ||    20
